 Dungeon Crawl Stone Soup version 0.27-a0-965-gbf8bb431c4 (webtiles) character file.

Game seed: 5375801834465382071

74 Firecrotchwizard the Skirmisher (level 4, -6/50 HPs)
             Began as an Ogre Berserker on Apr 13, 2021.
             Was a Follower of Trog.
             Killed from afar by Natasha (9 damage)
             ... with a puff of flame
             ... on level 2 of the Dungeon.
             The game lasted 00:02:28 (1957 turns).

Firecrotchwizard the Skirmisher (Ogre Berserker)    Turns: 1957, Time: 00:02:29

Health: -6/50      AC:  3    Str: 22    XL:     4   Next: 28%
Magic:  4/4        EV: 10    Int:  8    God:    Trog [*.....]
Gold:   50         SH:  0    Dex:  8    Spells: 3/3 levels left

rFire    . . .     SeeInvis .   a - +0 mace
rCold    . . .     Faith    .   (no shield)
rNeg     . . .     Spirit   .   b - +0 animal skin
rPois    .         Reflect  .   (helmet restricted)
rElec    .         Harm     .   (no cloak)
rCorr    .         Rampage  .   (gloves unavailable)
Will     .....                  (boots unavailable)
Stlth    +.........             (no amulet)
HPRegen  0.16/turn              (no ring)
MPRegen  0.09/turn              (no ring)

@: no status effects
A: large, unfitting armour, tough skin 1
a: Renounce Religion, Berserk


You were on level 2 of the Dungeon.
You worshipped Trog.
Trog was aware of your devotion.
You visited 1 branch of the dungeon, and saw 2 of its levels.

You collected 50 gold pieces.

Inventory:

Hand Weapons
 a - a +0 mace (weapon)
Missiles
 c - 2 large rocks
 e - 9 sling bullets
 k - 38 arrows
 s - 134 stones (quivered)
Armour
 b - a +0 animal skin (worn)
Scrolls
 d - 2 scrolls of identify {unknown}
 f - a scroll of magic mapping {unknown}
 i - a scroll of blinking {unknown}
 j - a scroll of fear {unknown}
 l - a scroll of amnesia {unknown}
Potions
 g - a potion of attraction {unknown}
 h - a potion of curing {unknown}
 m - a potion of might {unknown}


   Skills:
 + Level 5.0 Fighting
 * Level 4.0 Maces & Flails
 - Level 2.6 Dodging


You had 3 spell levels left.
You didn't know any spells.
Your spell library was empty.

Dungeon Overview and Level Annotations

Branches:
Dungeon (2/15)

Altars:

Annotations:
D:2 exclusion: black bear, Natasha


Innate Abilities, Weirdness & Mutations

You are too large for most types of armour.
You have tough skin. (AC +1)


Message History

You are no longer poisoned.
You feel the effects of Trog's Hand fading.
You regained 2 hp, and now have 27/40 hp.
You regained 2 hp, and now have 29/40 hp.
You regained 2 hp, and now have 31/40 hp.
Your skin stops crawling.
You feel less strong-willed.
There is a stone staircase leading up here.
You start resting.
You feel yourself speed up.
You regained 3 hp, and now have 36/40 hp.
You start resting.
You recover from your berserk rage.
You regained 2 hp, and now have 38/40 hp.
As you open the door, it creaks loudly!
There is an open door here.
A black bear comes into view.
Health restored: 40 A black bear is nearby!
A black bear is nearby!
You can't see that place. [the floor.]
There is an open door here.
You open the door.
There is an open door here.
A bat is nearby!
You miss the bat. The bat hits you. The bat barely misses you.
You take 1 damage, and have 39/40 hp.
You barely miss the bat. The bat hits you.
You take 1 damage, and have 38/40 hp.
The bat barely misses you. The bat completely misses you.
You barely miss the bat. The bat hits you.
You hit the bat.
You kill the bat!
Trog accepts your kill.
A jackal comes into view.
The jackal barks!
The jackal bites you but does no damage.
You barely miss the jackal. The jackal barely misses you. The jackal bites you.
You take 1 damage, and have 38/40 hp.
You hit the jackal but do no damage. The jackal closely misses you.
You closely miss the jackal. The jackal barely misses you.
The jackal misses you.
You hit the jackal.
You kill the jackal!
Trog accepts your kill.
k - 38 arrows (gained 20)
l - a scroll labelled CYSORU KIMARR Health restored: 40
m - a blue potion An orc comes into view.
It is wielding a +0 club.
The orc shouts!
You hear a shout!
An orc priest comes into view. It is wielding a +0 morningstar.
An orc comes into view. It is wielding a +0 dagger.
You see here a fuming sapphire potion.
Something unseen opens the door.
Natasha, Servant of Life and Death comes into view.
She is carrying a wand of flame (12).
You hit Natasha. Natasha claws you! Natasha claws you.
You take 9 damage, and have 31/40 hp.
MASSIVE DAMAGE!!
You miss Natasha.
Natasha zaps a wand.
The puff of flame hits you!
You take 7 damage, and have 24/40 hp.
You sock Natasha!
Natasha zaps a wand.
The puff of flame hits you!
You take 11 damage, and have 13/40 hp.
MASSIVE DAMAGE!!
You barely miss Natasha.
Natasha stares at you and mumbles some strange words.
The magic dart hits you!
* * * LOW HITPOINT WARNING * * *
You take 8 damage, and have 5/40 hp.
You sock Natasha!
You kill Natasha!
Trog accepts your kill.
Trog appreciates your killing of a magic user.
Natasha yowls pathetically as she dies!
The orc hits you with a +0 club.
* * * LOW HITPOINT WARNING * * *
Your Fighting skill increases to level 5!
Your Maces & Flails skill increases to level 4!
You have reached level 4!
MP restored: 4 The orc hits you with a +0 club.
* * * LOW HITPOINT WARNING * * *
There is an open door, spattered with blood here.
You see here the felid corpse of Natasha.
You take 4 damage, and have 2/50 hp.
Okay, then.
Natasha, Servant of Life and Death comes into view.
She is carrying a wand of flame (10).
Natasha hisses angrily.
Natasha zaps a wand.
The puff of flame misses you. Natasha claws you.
* * * LOW HITPOINT WARNING * * *
You take 2 damage, and have 3/50 hp.
Natasha zaps a wand.
The puff of flame hits you!
You die...

#.#####.#########...####
#.......#...............
#......##.........#.....
#......##...o.....######
#.#......##o######..#
#........##o# #..#
###.....h...######..#
####+##........รท..#
#.##@##.#####.#####
#.#<..............#
#######.##.##.#####.###.#
#........#.##.#####'###.###
#.............#...........#
#........####.#.#.........#
#........######.#.........#
#######.#.....#.#........<#
#.#.###.#.#.........#


You could see Natasha and 2 orcs.

Vanquished Creatures
  Natasha (D:2)
  An adder (D:2)
  4 ball pythons
  6 bats
  6 endoplasms
  A giant cockroach (D:1)
  A goblin (D:1)
  5 hobgoblins (D:1)
  5 jackals
  A kobold (D:2)
  A quokka (D:1)
  A frilled lizard (D:1)
  2 rats (D:1)
35 creatures vanquished.

Notes
Turn   | Place    | Note
-------+----------+-------------------------------------------
     0 | D:1      | Firecrotchwizard the Ogre Berserker began the quest for the
                  | Orb.
     0 | D:1      | Reached XP level 1. HP: 24/24 MP: 1/1
   303 | D:1      | Reached skill level 3 in Maces & Flails
   303 | D:1      | Reached XP level 2. HP: 32/32 MP: 2/2
   925 | D:1      | Reached XP level 3. HP: 40/40 MP: 3/3
  1519 | D:2      | Reached ** piety under Trog
  1822 | D:2      | Noticed a black bear
  1929 | D:2      | Noticed Natasha
  1933 | D:2      | HP: 5/40 [Natasha/magic dart (8)]
  1934 | D:2      | Killed Natasha
  1935 | D:2      | Reached skill level 5 in Fighting
  1935 | D:2      | Reached skill level 4 in Maces & Flails
  1935 | D:2      | Reached XP level 4. HP: 6/50 MP: 4/4
  1935 | D:2      | HP: 2/50 [orc/+0 club (4)]
  1954 | D:2      | Noticed Natasha
  1956 | D:2      | HP: 3/50 [Natasha (2)]
  1957 | D:2      | Killed from afar by Natasha

Illustrated notes

Levels and vault maps discovered:
D:1:      dpeg_arrival_rhombi, layout_basic
D:2:      layout_basic, shapermc_ecumenical_altar_notcrosses, uniq_jessica,
          uniq_natasha

Skill      XL: |  1  2  3 |
---------------+----------+-----
Maces & Flails | 3 4 |  4.0
Fighting       | 5 |  5.0
Dodging        | |  2.6

Action                   |  1- 3 |  4- 6 || total
-------------------------+-------+-------++-------
Melee: Mace              |   101 |       ||   101
Throw: Large rock        |     2 |       ||     2
Invok: Berserk           |     1 |       ||     1
       Trog's Hand       |     1 |       ||     1
Armor: Animal skin       |    30 |       ||    30
Dodge: Dodged            |    57 |     1 ||    58

Table legend: (Time is in decaauts)
 A = Elapsed time spent in this place.
 B = Non-inter-level travel time spent in this place.
 C = Inter-level travel time spent in this place.
 D = Time resting spent in this place.
 E = Time spent auto-exploring this place.
 F = Levels seen in this place.
 G = Mean time per level.
                   A        B        C        D        E       F      G
               +--------+--------+--------+--------+--------+-----+--------+
         Total |   1992 |   1930 |     62 |     39 |   1587 |   2 |  996.0 |
       Dungeon |   1992 |   1930 |     62 |     39 |   1587 |   2 |  996.0 |
               +--------+--------+--------+--------+--------+-----+--------+

Top non-repeatable levels by time:
     D:1: 1449 daAuts
     D:2: 542 daAuts

Table legend:
 A = Kills in this place as a percentage of kills in entire the game.
 B = Kills by you in this place as a percentage of kills by you in the entire game.
 C = Kills by friends in this place as a percentage of kills by friends in the entire game.
 D = Other kills in this place as a percentage of other kills in the entire game.
 E = Experience gained in this place as a percentage of experience gained in the entire game.
 F = Experience gained in this place divided by the number of levels of this place that you have seen.
                   A       B       C       D       E      F
               +-------+-------+-------+-------+-------+----------------------
         Total | 100.0 | 100.0 |   N/A |   N/A | 100.0 |  53.0
       Dungeon | 100.0 | 100.0 |   N/A |   N/A | 100.0 |  53.0
               +-------+-------+-------+-------+-------+----------------------
